 Dungeon Crawl Stone Soup version 0.23.2-1-ga50397a (webtiles) character file.

Game seed: 12725477804076155905

128 GuyDeFluk the Sneak (level 4, 0/21 HPs)
             Began as a Spriggan Enchanter on May 16, 2019.
             Slain by a worm (10 damage)
             ... on level 3 of the Dungeon.
             The game lasted 00:18:22 (4207 turns).

GuyDeFluk the Sneak (Spriggan Enchanter)            Turns: 4207, Time: 00:18:22

Health: 0/21       AC:  2    Str:  5    XL:     4   Next: 86%
Magic:  10/10      EV: 18    Int: 16    God:
Gold:   122        SH:  0    Dex: 16    Spells: 4/10 levels left

rFire    . . .     SeeInvis +   a - +1 dagger
rCold    . . .     Gourm    .   (shield restricted)
rNeg     . . .     Faith    .   b - +0 robe
rPois    .         Spirit   .   (helmet restricted)
rElec    .         Reflect  .   n - scarf {cloud immunity}
rCorr    .         Harm     .   (gloves unavailable)
MR       .....                  (boots unavailable)
Stlth    +++.......             (no amulet)
HPRegen  0.07/turn              (no ring)
MPRegen  0.12/turn              (no ring)

@: very quick
A: very small, unfitting armour, see invisible, herbivore, speed 3, slow
metabolism 2
a: no special abilities


You were on level 3 of the Dungeon.
You were not hungry.

You visited 1 branch of the dungeon, and saw 4 of its levels.

You collected 122 gold pieces.

Inventory:

Hand Weapons
 a - a +1 dagger (weapon)
Armour
 b - a +0 robe (worn)
 c - a +0 cloak
 n - a scarf of cloud immunity (worn)
Jewellery
 j - an uncursed ring of flight
Wands
 i - a wand of acid (10)
Scrolls
 e - 4 scrolls of teleportation
 m - a scroll of remove curse
Potions
 f - 3 potions of berserk rage {unknown}
 g - a potion of cancellation
 h - a potion of ambrosia {unknown}
 k - 2 potions of magic {unknown}
 l - a potion of flight {unknown}
 o - a potion of curing {unknown}
Comestibles
 d - 8 rations


   Skills:
 - Level 3.4 Short Blades
 - Level 3.0 Dodging
 + Level 6.1 Stealth
 * Level 3.9 Spellcasting
 - Level 3.6 Hexes


You had 4 spell levels left.
You knew the following spells:

 Your Spells              Type           Power        Failure   Level  Hunger
a - Corona                Hex            ##.....      3%          1    None
b - Ensorcelled Hibernat  Hex/Ice        #.....       12%         2    ##.....
c - Confuse               Hex            ##......     12%         3    ###....

Your spell library contained the following spells:

 Spells                   Type           Power        Failure   Level  Hunger
 Tukima's Dance           Hex            ##......     12%         3    ###....
 Dazzling Spray           Conj/Hex       #.....       24%         3    ###....


Dungeon Overview and Level Annotations

Branches:
Dungeon (4/15)
 Temple: D:4-7

Altars:
Elyvilon
Hepliaklqana
Nemelex Xobeh
Trog

Annotations:
D:2 Sigmund


Innate Abilities, Weirdness & Mutations

You are very small and have problems with some larger weapons.
You are too small for most types of armour.
You have supernaturally acute eyesight. (SInv)
You are a herbivore.
You cover ground extremely quickly.
You need to consume almost no food.


Message History

You hit the worm but do no damage.
The worm is moderately wounded.
The worm closely misses you.
You hit the worm but do no damage.
The worm is moderately wounded.
You hit the worm.
The worm is heavily wounded.
The worm barely misses you.
You hit the worm.
The worm is heavily wounded.
You hit the worm.
The worm is almost dead.
The worm bites you!
Ouch! That really hurt!
You hit the worm but do no damage.
The worm is severely wounded.
You hit the worm.
The worm is almost dead.
The worm stops glowing.
The worm bites you!
You die...

##.####(############ #.
####....##............# #.
#....._.)#............# ##
#####....#............########
.....>................+..[..<#
...##.#####.[.........#####..####
.....(# #...........##.##..#...
......# #......w....##.##..#...
...##.#####.####@#######.....#...
...##.(..........................
.##########.######.....#.#.#.#...
.##########.######.....#.#.#.#...
................##.........#.....
##########..###.##..).#..####....
#.....###.##....#.## #....
#####.#.....#.##....#.# #....
#.(...........#######.# #....


You could see a worm.

Vanquished Creatures
  A howler monkey (D:4)
  A worker ant (D:4)
  2 oozes
  2 dart slugs
  A leopard gecko (D:2)
  An orc (D:3)
  8 bats
  3 giant cockroaches
  7 goblins
  9 hobgoblins
  A quokka (D:3)
  8 kobolds
  6 rats
50 creatures vanquished.

Notes
Turn   | Place    | Note
-------+----------+-------------------------------------------
     0 | D:1      | GuyDeFluk the Spriggan Enchanter began the quest for the
                  | Orb.
     0 | D:1      | Reached XP level 1. HP: 9/9 MP: 5/5
   772 | D:1      | Reached XP level 2. HP: 11/13 MP: 4/6
  1748 | D:2      | Noticed Sigmund
  1779 | D:2      | Reached skill level 5 in Stealth
  2201 | D:2      | Reached XP level 3. HP: 16/16 MP: 8/8
  2214 | D:2      | Found a hazy altar of Hepliaklqana.
  2214 | D:2      | Found a sparkling altar of Nemelex Xobeh.
  2215 | D:2      | Found a white marble altar of Elyvilon.
  3566 | D:3      | Learned a level 2 spell: Ensorcelled Hibernation
  3570 | D:3      | Learned a level 3 spell: Confuse
  3585 | D:3      | Found a bloodstained altar of Trog.
  3864 | D:4      | Reached XP level 4. HP: 21/21 MP: 9/9
  3872 | D:4      | Reached skill level 6 in Stealth
  4057 | D:4      | Noticed an ogre
  4207 | D:3      | Slain by a worm

Skill      XL: |  1  2  3  4 |
---------------+-------------+-----
Short Blades   | 2 3 |  3.4
Stealth        | 5 6 |  6.1
Spellcasting   | 3 |  3.9
Dodging        | |  3.0
Hexes          | |  3.6

Action                   |  1- 3 |  4- 6 || total
-------------------------+-------+-------++-------
Melee: Dagger            |   233 |    21 ||   254
 Cast: Corona            |     2 |     1 ||     3
       Ensorcelled Hiber |       |     5 ||     5
  Use: Scroll            |     6 |     3 ||     9
 Stab: Sleeping          |    15 |       ||    15
       Distracted        |       |     1 ||     1
  Eat: Ration            |     1 |       ||     1
Armor: Robe              |    33 |     1 ||    34
Dodge: Dodged            |   206 |    11 ||   217
